Toronto Maple Leafs vs Minnesota North Stars
(R2)
Created - Friday, March 21, 2025 at 09:00
Goals
|
| Toronto Maple Leafs |
0 |
0 |
0 |
0 |
| Minnesota North Stars |
1 |
1 |
1 |
3 |
|
Shots
|
| Toronto Maple Leafs |
13 |
2 |
4 |
19 |
| Minnesota North Stars |
21 |
9 |
2 |
32 |
|
1st period
1. Minnesota North Stars , Evgeni Malkin 13 (Valeri Nichushkin 21) at 8:53 (PP)
Penalties :
Dougie Hamilton (TOR) for Interference (Minor) at 4:24, Nick Bjugstad (TOR) for Roughing (Minor) at 7:22
2nd period
2. Minnesota North Stars , Jack Hughes 14 (Evgeni Malkin 15) at 15:38
Penalties :
Sam Bennett (TOR) for Tripping (Minor) at 2:51, Brady Tkachuk (TOR) for Roughing (Minor) at 18:34
3rd period
3. Minnesota North Stars , Brock Nelson 6 (Gustav Forsling 11) at 4:23
Penalties :
Erik Cernak (MNS) for Holding Stick (Minor) at 16:44
Goalie Stats
Cam Talbot (TOR), 29 saves from 32 shots - (0.906), L, 11-7-2, 60:00 minutes
Charlie Lindgren (MNS), 19 saves from 19 shots - (1.000), W, 9-4-1, 60:00 minutes
Players Stats for Toronto Maple Leafs
Player Name G A P +/- PIM S H SB GA TA FO MP PP MP PK MP
------------------------------------------------------------------------------------
Aaron Ekblad 0 0 0 -2 0 2 1 0 0 1 0/0 22:09 0:57 3:45
Andrew Mangiapane 0 0 0 0 0 0 1 0 0 0 0/0 9:44 0:00 0:00
Brady Tkachuk 0 0 0 -1 2 3 1 2 0 0 0/1 16:49 0:47 0:09
Brandon Saad 0 0 0 0 0 1 1 0 0 0 0/0 9:55 0:17 0:00
Cody Ceci 0 0 0 -1 0 2 0 2 0 3 0/0 23:23 0:00 3:45
Dougie Hamilton 0 0 0 0 2 0 0 1 0 1 1/1 14:28 0:57 0:00
Mario Ferraro 0 0 0 0 0 0 2 0 0 1 0/0 21:36 0:00 3:43
Nick Bjugstad 0 0 0 -1 2 1 0 2 0 0 0/4 17:31 0:52 2:56
Nicolas Roy 0 0 0 -1 0 4 1 0 1 0 0/0 18:34 0:17 3:59
Nino Niederreiter 0 0 0 0 0 0 1 0 0 0 2/5 13:13 0:00 0:33
Quinton Byfield 0 0 0 -1 0 1 0 0 1 1 0/1 14:39 0:52 0:00
Ryan Pulock 0 0 0 -1 0 0 0 3 0 1 0/0 20:17 1:02 3:43
Sam Bennett 0 0 0 0 2 1 0 0 0 0 3/7 12:41 0:20 0:00
Scott Laughton 0 0 0 0 0 1 1 1 0 0 1/2 13:11 0:00 3:20
Sean Walker 0 0 0 0 0 1 1 0 0 0 0/0 14:51 1:02 0:00
Tomas Hertl 0 0 0 -1 0 1 2 1 0 0 5/11 20:28 0:50 3:59
Troy Terry 0 0 0 0 0 0 0 0 0 0 0/1 14:28 0:50 0:00
Wyatt Johnston 0 0 0 -1 0 1 0 1 0 0 9/13 14:31 0:52 0:00
Players Stats for Minnesota North Stars
Player Name G A P +/- PIM S H SB GA TA FO MP PP MP PK MP
------------------------------------------------------------------------------------
Alexander Kerfoot 0 0 0 1 0 1 1 0 0 0 0/0 14:26 0:00 0:57
Brock Nelson 1 0 1 1 0 3 0 0 0 0 6/11 13:48 0:22 0:00
Dylan DeMelo 0 0 0 1 0 1 1 3 0 1 0/0 18:32 0:00 0:59
Erik Cernak 0 0 0 1 2 0 1 1 0 1 0/0 15:10 0:00 0:00
Evan Rodrigues 0 0 0 0 0 0 0 0 0 0 0/2 9:42 0:00 0:00
Evgeni Malkin 1 1 2 1 0 3 0 0 1 0 11/18 18:08 3:43 0:00
Frank Vatrano 0 0 0 0 0 2 2 0 1 0 0/0 18:20 3:27 0:00
Gustav Forsling 0 1 1 1 0 0 2 1 1 0 0/0 20:04 3:23 0:53
Ivan Barbashev 0 0 0 0 0 1 1 0 0 0 0/0 9:36 0:00 0:00
Jack Hughes 1 0 1 1 0 5 0 0 2 0 1/1 16:35 3:45 0:00
Jonas Brodin 0 0 0 1 0 0 0 3 0 0 0/0 20:42 3:23 0:25
Jonathan Marchessault 0 0 0 1 0 4 3 0 0 0 0/0 16:47 3:45 0:17
Lawson Crouse 0 0 0 0 0 2 0 1 1 0 0/0 11:08 0:07 0:45
Neal Pionk 0 0 0 0 0 2 3 2 0 0 0/0 21:54 4:05 0:35
Rasmus Dahlin 0 0 0 0 0 4 1 1 0 0 0/0 22:34 4:05 1:06
Ryan Nugent-Hopkins 0 0 0 1 0 2 0 0 0 0 2/3 17:55 3:45 0:57
Valeri Nichushkin 0 1 1 0 0 1 1 1 1 0 0/0 18:27 3:30 0:00
William Karlsson 0 0 0 0 0 1 1 0 1 0 5/11 14:12 0:00 1:02
3 Stars
1 - Charlie Lindgren (MNS)
2 - Evgeni Malkin (MNS)
3 - Brock Nelson (MNS)
Power Play
Toronto Maple Leafs - 0 on 1 Attempt(s) - 0.00%
Minnesota North Stars - 1 on 4 Attempt(s) - 25.00%
Penalty Kill
Toronto Maple Leafs - 3 on 4 Attempt(s) - 75.00%
- Score 0 goal in Penalty Kill
Minnesota North Stars - 1 on 1 Attempt(s) - 100.00%
- Score 0 goal in Penalty Kill
Team Stat
Toronto Maple Leafs - Hits : 12 - Faceoff Wins : 21 - Blocked Shots : 13 - Penalty Minutes : 8
Minnesota North Stars - Hits : 17 - Faceoff Wins : 25 - Blocked Shots : 13 - Penalty Minutes : 2
Official
Referees : Chris Lee and Chris Schlenker
Linesman : CJ Murray and Ryan Daisy
Game Notes
No Game Note
Finance
Level 1 -- Attendance: 4893 (81.55%) -- Ticket Income $489,300
Level 2 -- Attendance: 3546 (70.92%) -- Ticket Income $212,760
Level 3 -- Attendance: 2544 (84.80%) -- Ticket Income $89,040
Level 4 -- Attendance: 3424 (68.48%) -- Ticket Income $85,600
Luxury Box -- Attendance: 789 (78.90%) -- Ticket Income $157,800
Game was played at the Met Center.
Total Attendance: 15196 (75.98%)
Total Ticket Income: $1,034,500
Other Income: $362,075
Total Income: $1,396,575
Toronto Maple Leafs
5 vs 5 Forward
Center Left Wing Right Wing Time % Phy DF OF
1 Tomas Hertl Brady Tkachuk Troy Terry 30 1 2 2
2 Wyatt Johnston Quinton Byfield Nick Bjugstad 30 1 2 2
3 Sam Bennett Nino Niederreiter Nicolas Roy 25 1 2 2
4 Scott Laughton Brandon Saad Andrew Mangiapane 15 1 2 2
5 vs 5 Defense
Defense Defense Time % Phy DF OF
1 Ryan Pulock Aaron Ekblad 35 1 2 2
2 Mario Ferraro Cody Ceci 35 1 2 2
3 Dougie Hamilton Sean Walker 25 1 2 2
4 Dougie Hamilton Sean Walker 5 1 2 2
PowerPlay Forward
Center Left Wing Right Wing Time % Phy DF OF
1 Tomas Hertl Brady Tkachuk Troy Terry 50 1 2 2
2 Wyatt Johnston Quinton Byfield Nick Bjugstad 50 1 2 2
PowerPlay Defense
Defense Defense Time % Phy DF OF
1 Aaron Ekblad Dougie Hamilton 50 1 2 2
2 Ryan Pulock Sean Walker 50 1 2 2
Penalty Kill 4 Players Forward
Center Wing Time % Phy DF OF
1 Nick Bjugstad Scott Laughton 50 1 2 2
2 Tomas Hertl Nicolas Roy 50 1 2 2
Penalty Kill 4 Players Defense
Defense Defense Time % Phy DF OF
1 Ryan Pulock Mario Ferraro 50 1 2 2
2 Aaron Ekblad Cody Ceci 50 1 2 2
Penalty Kill - 3 Players Forward
Forward Time % Phy DF OF
1 Nick Bjugstad 50 1 2 2
2 Scott Laughton 50 1 2 2
Penalty Kill - 3 Players Defense
Defense Defense Time % Phy DF OF
1 Ryan Pulock Mario Ferraro 50 1 2 2
2 Aaron Ekblad Cody Ceci 50 1 2 2
4 vs 4 Forward
Center Wing Time % Phy DF OF
1 Wyatt Johnston Nick Bjugstad 50 1 2 2
2 Tomas Hertl Brady Tkachuk 50 1 2 2
4 vs 4 Defense
Defense Defense Time % Phy DF OF
1 Sean Walker Aaron Ekblad 50 1 2 2
2 Dougie Hamilton Ryan Pulock 50 1 2 2
Last Minutes Offensive
Center Left Wing Right Wing Defense Defense
Tomas Hertl Brady Tkachuk Troy Terry Dougie Hamilton Aaron Ekblad
Last Minutes Defensive
Center Left Wing Right Wing Defense Defense
Tomas Hertl Scott Laughton Nick Bjugstad Aaron Ekblad Ryan Pulock
Goaltenders
Starting : Cam Talbot
Backup : Frederik Andersen
Extra Forwards
Normal : Sam Bennett, Brandon Saad, Nino Niederreiter - PP : Sam Bennett, Brandon Saad - PK : Nino Niederreiter
Extra Defensemen
Normal : Sean Walker, Dougie Hamilton, Cody Ceci - PP : Mario Ferraro - PK : Dougie Hamilton, Sean Walker
Penalty Shots
Brady Tkachuk, Tomas Hertl, Nick Bjugstad, Wyatt Johnston, Quinton Byfield
Scratches
Bowen Byram (Healthy), Kyle Okposo (Healthy), Warren Foegele (Healthy), Luke Schenn (Healthy), Pierre Engvall (Healthy)
Minnesota North Stars
5 vs 5 Forward
Center Left Wing Right Wing Time % Phy DF OF
1 William Karlsson Valeri Nichushkin Frank Vatrano 29 0 2 3
2 Evgeni Malkin Jack Hughes Jonathan Marchessault 28 0 2 3
3 Brock Nelson Ryan Nugent-Hopkins Alexander Kerfoot 28 0 2 3
4 Evan Rodrigues Lawson Crouse Ivan Barbashev 15 0 2 3
5 vs 5 Defense
Defense Defense Time % Phy DF OF
1 Rasmus Dahlin Neal Pionk 34 0 3 2
2 Gustav Forsling Erik Cernak 33 0 3 2
3 Jonas Brodin Dylan DeMelo 33 0 3 2
4 Rasmus Dahlin Neal Pionk 0 1 2 2
PowerPlay Forward
Center Left Wing Right Wing Time % Phy DF OF
1 Evgeni Malkin Valeri Nichushkin Frank Vatrano 50 0 0 5
2 Ryan Nugent-Hopkins Jack Hughes Jonathan Marchessault 50 0 0 5
PowerPlay Defense
Defense Defense Time % Phy DF OF
1 Rasmus Dahlin Neal Pionk 50 0 2 3
2 Gustav Forsling Jonas Brodin 50 0 2 3
Penalty Kill 4 Players Forward
Center Wing Time % Phy DF OF
1 William Karlsson Lawson Crouse 50 0 5 0
2 Alexander Kerfoot Ryan Nugent-Hopkins 50 0 5 0
Penalty Kill 4 Players Defense
Defense Defense Time % Phy DF OF
1 Erik Cernak Dylan DeMelo 50 0 5 0
2 Jonas Brodin Gustav Forsling 50 0 5 0
Penalty Kill - 3 Players Forward
Forward Time % Phy DF OF
1 William Karlsson 50 0 5 0
2 Alexander Kerfoot 50 0 5 0
Penalty Kill - 3 Players Defense
Defense Defense Time % Phy DF OF
1 Dylan DeMelo Neal Pionk 50 0 5 0
2 Jonas Brodin Erik Cernak 50 0 5 0
4 vs 4 Forward
Center Wing Time % Phy DF OF
1 William Karlsson Valeri Nichushkin 50 0 2 3
2 Evgeni Malkin Jack Hughes 50 0 2 3
4 vs 4 Defense
Defense Defense Time % Phy DF OF
1 Rasmus Dahlin Neal Pionk 50 1 2 2
2 Gustav Forsling Erik Cernak 50 0 3 2
Last Minutes Offensive
Center Left Wing Right Wing Defense Defense
William Karlsson Valeri Nichushkin Frank Vatrano Rasmus Dahlin Neal Pionk
Last Minutes Defensive
Center Left Wing Right Wing Defense Defense
William Karlsson Lawson Crouse Frank Vatrano Erik Cernak Gustav Forsling
Goaltenders
Starting : Charlie Lindgren
Backup : Logan Thompson
Extra Forwards
Normal : Brock Nelson, Ryan Nugent-Hopkins, Alexander Kerfoot - PP : Brock Nelson, Ryan Nugent-Hopkins - PK : Alexander Kerfoot
Extra Defensemen
Normal : Jonas Brodin, Dylan DeMelo, Gustav Forsling - PP : Jonas Brodin - PK : Dylan DeMelo, Gustav Forsling
Penalty Shots
Valeri Nichushkin, William Karlsson, Evgeni Malkin, Jack Hughes, Brock Nelson
Scratches
Michael Rasmussen (Healthy), Cam York (Healthy), Matt Roy (Healthy)
% Time on Ice - Toronto Maple Leafs
Lines # - Real PCT - Wanted PCT - Time Play
Normal Forward
1 - 25% - 30% - 12:30
2 - 35% - 30% - 17:50
3 - 20% - 25% - 10:15
4 - 20% - 15% - 9:58
Normal Defense
1 - 31% - 35% - 15:39
2 - 40% - 35% - 20:08
3 - 25% - 25% - 12:47
4 - 4% - 5% - 1:59
PP Forward
1 - 56% - 50% - 1:07
2 - 44% - 50% - 0:52
PP Defense
1 - 48% - 50% - 0:57
2 - 52% - 50% - 1:02
PK Forward
1 - 47% - 50% - 3:29
2 - 53% - 50% - 3:59
PK Defense
1 - 50% - 50% - 3:43
2 - 50% - 50% - 3:45
PK3 Forward
1 - 0% - 50%
2 - 0% - 50%
PK3 Defense
1 - 0% - 50%
2 - 0% - 50%
44 Forward
1 - 0% - 50%
2 - 0% - 50%
44 Defense
1 - 0% - 50%
2 - 0% - 50%
Last Minute Offensive - 0:00
Last Minute Defensive - 0:00
Total
Forward - 60:00
Defense - 60:00
|
% Time on Ice - Minnesota North Stars
Lines # - Real PCT - Wanted PCT - Time Play
Normal Forward
1 - 31% - 29% - 15:26
2 - 23% - 28% - 11:27
3 - 27% - 28% - 13:32
4 - 20% - 15% - 10:08
Normal Defense
1 - 36% - 34% - 17:57
2 - 30% - 33% - 15:17
3 - 32% - 33% - 16:04
4 - 2% - 0% - 1:15
PP Forward
1 - 50% - 50% - 3:43
2 - 50% - 50% - 3:45
PP Defense
1 - 55% - 50% - 4:05
2 - 45% - 50% - 3:23
PK Forward
1 - 52% - 50% - 1:02
2 - 48% - 50% - 0:57
PK Defense
1 - 79% - 50% - 1:34
2 - 21% - 50% - 0:25
PK3 Forward
1 - 0% - 50%
2 - 0% - 50%
PK3 Defense
1 - 0% - 50%
2 - 0% - 50%
44 Forward
1 - 0% - 50%
2 - 0% - 50%
44 Defense
1 - 0% - 50%
2 - 0% - 50%
Last Minute Offensive - 0:00
Last Minute Defensive - 0:00
Total
Forward - 60:00
Defense - 60:00
|
Play-by-Play
1st period
0:01 of 1st period - William Karlsson wins face-off versus Tomas Hertl in neutral zone.
0:08 of 1st period - Slapshot by Frank Vatrano.
0:08 of 1st period - Stopped by Cam Talbot with a rebound.
0:10 of 1st period - Snap shot by Rasmus Dahlin.
0:10 of 1st period - Shot Misses the Net.
1:11 of 1st period - Snap shot by Brock Nelson.
1:11 of 1st period - Shot Misses the Net.
1:13 of 1st period - Snap shot by Alexander Kerfoot.
1:13 of 1st period - Shot Misses the Net.
1:15 of 1st period - Slapshot by Rasmus Dahlin.
1:15 of 1st period - Stopped by Cam Talbot with a rebound.
1:17 of 1st period - Slapshot by Rasmus Dahlin.
1:17 of 1st period - Shot Misses the Net.
1:19 of 1st period - Slapshot by Neal Pionk.
1:19 of 1st period - Shot Misses the Net.
1:35 of 1st period - Slapshot by Brandon Saad.
1:35 of 1st period - Shot Blocked by Neal Pionk.
1:37 of 1st period - Slapshot by Aaron Ekblad.
1:37 of 1st period - Stopped by Charlie Lindgren with a rebound.
2:09 of 1st period - Rasmus Dahlin is hit by Nino Niederreiter and loses puck.
3:05 of 1st period - Snap shot by Jack Hughes.
3:05 of 1st period - Shot Blocked by Dougie Hamilton.
3:07 of 1st period - Snap shot by Jonathan Marchessault.
3:07 of 1st period - Stopped by Cam Talbot without a rebound.
3:08 of 1st period - Evgeni Malkin wins face-off versus Sam Bennett in Toronto Maple Leafs zone.
3:11 of 1st period - Wrist shot by Evgeni Malkin.
3:11 of 1st period - Stopped by Cam Talbot with a rebound.
3:13 of 1st period - Snap shot by Evgeni Malkin.
3:13 of 1st period - Deflect By Jonathan Marchessault.
3:13 of 1st period - Shot Misses the Net.
3:13 of 1st period - Puck is out of play.
3:14 of 1st period - Sam Bennett wins face-off versus Brock Nelson in Toronto Maple Leafs zone.
3:27 of 1st period - Snap shot by Ryan Nugent-Hopkins.
3:27 of 1st period - Deflect By Brock Nelson.
3:27 of 1st period - Shot Misses the Net.
3:27 of 1st period - Puck is out of play.
3:28 of 1st period - Tomas Hertl wins face-off versus William Karlsson in Toronto Maple Leafs zone.
3:55 of 1st period - Snap shot by Andrew Mangiapane.
3:55 of 1st period - Shot Misses the Net.
4:24 of 1st period - Minor Penalty to Dougie Hamilton for Interference.
4:25 of 1st period - Ryan Nugent-Hopkins wins face-off versus Nick Bjugstad in Toronto Maple Leafs zone.
4:52 of 1st period - Gustav Forsling is hit by Tomas Hertl and loses puck.
4:59 of 1st period - Slapshot by Nicolas Roy.
4:59 of 1st period - Stopped by Charlie Lindgren with a rebound.
6:24 of 1st period - Penalty to Dougie Hamilton is over, Dougie Hamilton is back on ice.
6:28 of 1st period - Icing by Ryan Pulock.
6:29 of 1st period - Dougie Hamilton wins face-off versus Evan Rodrigues in Toronto Maple Leafs zone.
7:19 of 1st period - Snap shot by Jack Hughes.
7:19 of 1st period - Stopped by Cam Talbot without a rebound.
7:20 of 1st period - Wyatt Johnston wins face-off versus Evgeni Malkin in Toronto Maple Leafs zone.
7:22 of 1st period - Minor Penalty to Nick Bjugstad for Roughing.
7:23 of 1st period - Jack Hughes wins face-off versus Tomas Hertl in Toronto Maple Leafs zone.
7:37 of 1st period - Backhand shot by Jonathan Marchessault.
7:37 of 1st period - Stopped by Cam Talbot without a rebound.
7:38 of 1st period - Evgeni Malkin wins face-off versus Nino Niederreiter in Toronto Maple Leafs zone.
7:45 of 1st period - Wrist shot by Evgeni Malkin.
7:45 of 1st period - Stopped by Cam Talbot with a rebound.
7:47 of 1st period - Snap shot by Frank Vatrano.
7:47 of 1st period - Shot Blocked by Scott Laughton.
7:49 of 1st period - Slapshot by Gustav Forsling.
7:49 of 1st period - Deflect By Valeri Nichushkin.
7:49 of 1st period - Stopped by Cam Talbot with a rebound.
7:51 of 1st period - Snap shot by Evgeni Malkin.
7:51 of 1st period - Deflect By Valeri Nichushkin.
7:51 of 1st period - Shot Blocked by Cody Ceci.
7:51 of 1st period - Puck is out of play.
7:52 of 1st period - Ryan Nugent-Hopkins wins face-off versus Tomas Hertl in Toronto Maple Leafs zone.
7:53 of 1st period - Slapshot by Jack Hughes.
7:53 of 1st period - Shot Misses the Net.
7:55 of 1st period - Snap shot by Jonathan Marchessault.
7:55 of 1st period - Stopped by Cam Talbot with a rebound.
7:57 of 1st period - Snap shot by Jack Hughes.
7:57 of 1st period - Shot Misses the Net.
7:59 of 1st period - Slapshot by Rasmus Dahlin.
7:59 of 1st period - Stopped by Cam Talbot with a rebound.
8:01 of 1st period - Slapshot by Rasmus Dahlin.
8:01 of 1st period - Deflect By Jonathan Marchessault.
8:01 of 1st period - Shot Misses the Net.
8:01 of 1st period - Puck is out of play.
8:02 of 1st period - Tomas Hertl wins face-off versus Ryan Nugent-Hopkins in Toronto Maple Leafs zone.
8:19 of 1st period - Wrist shot by Jonathan Marchessault.
8:19 of 1st period - Shot Blocked by Tomas Hertl.
8:21 of 1st period - Slapshot by Rasmus Dahlin.
8:21 of 1st period - Shot Misses the Net.
8:23 of 1st period - Slapshot by Rasmus Dahlin.
8:23 of 1st period - Shot Misses the Net.
8:25 of 1st period - Slapshot by Rasmus Dahlin.
8:25 of 1st period - Shot Misses the Net.
8:27 of 1st period - Snap shot by Jonathan Marchessault.
8:27 of 1st period - Shot Blocked by Ryan Pulock.
8:29 of 1st period - Slapshot by Jack Hughes.
8:29 of 1st period - Shot Misses the Net.
8:31 of 1st period - Wrist shot by Jack Hughes.
8:31 of 1st period - Stopped by Cam Talbot with a rebound.
8:33 of 1st period - Slapshot by Neal Pionk.
8:33 of 1st period - Stopped by Cam Talbot with a rebound.
8:41 of 1st period - Snap shot by Ryan Nugent-Hopkins.
8:41 of 1st period - Shot Blocked by Ryan Pulock.
8:43 of 1st period - Wrist shot by Rasmus Dahlin.
8:43 of 1st period - Stopped by Cam Talbot without a rebound.
8:44 of 1st period - Nino Niederreiter wins face-off versus Evgeni Malkin in Toronto Maple Leafs zone.
8:53 of 1st period - Wrist shot by Evgeni Malkin.
8:53 of 1st period - Goal by Evgeni Malkin - Toronto Maple Leafs : 0 - Minnesota North Stars : 1.
8:54 of 1st period - Evgeni Malkin wins face-off versus Troy Terry in neutral zone.
9:11 of 1st period - Wrist shot by Tomas Hertl.
9:11 of 1st period - Deflect By Brady Tkachuk.
9:11 of 1st period - Stopped by Charlie Lindgren with a rebound.
9:33 of 1st period - Wrist shot by Nick Bjugstad.
9:33 of 1st period - Shot Blocked by Erik Cernak.
9:35 of 1st period - Slapshot by Nick Bjugstad.
9:35 of 1st period - Stopped by Charlie Lindgren without a rebound.
9:36 of 1st period - Sam Bennett wins face-off versus William Karlsson in Minnesota North Stars zone.
9:37 of 1st period - Snap shot by Nicolas Roy.
9:37 of 1st period - Stopped by Charlie Lindgren without a rebound.
9:38 of 1st period - William Karlsson wins face-off versus Sam Bennett in Minnesota North Stars zone.
10:04 of 1st period - Snap shot by Nicolas Roy.
10:04 of 1st period - Shot Misses the Net.
10:06 of 1st period - Snap shot by Nicolas Roy.
10:06 of 1st period - Shot Blocked by Valeri Nichushkin.
10:08 of 1st period - Slapshot by Aaron Ekblad.
10:08 of 1st period - Stopped by Charlie Lindgren without a rebound.
10:09 of 1st period - Wyatt Johnston wins face-off versus Brock Nelson in Minnesota North Stars zone.
10:36 of 1st period - Jonathan Marchessault is hit by Mario Ferraro and loses puck.
11:05 of 1st period - Wrist shot by William Karlsson.
11:05 of 1st period - Shot Misses the Net.
11:07 of 1st period - Snap shot by Neal Pionk.
11:07 of 1st period - Stopped by Cam Talbot with a rebound.
11:27 of 1st period - Wrist shot by Lawson Crouse.
11:27 of 1st period - Stopped by Cam Talbot with a rebound.
11:37 of 1st period - Snap shot by Brock Nelson.
11:37 of 1st period - Stopped by Cam Talbot with a rebound.
12:35 of 1st period - Wrist shot by Troy Terry.
12:35 of 1st period - Shot Blocked by Jonas Brodin.
12:37 of 1st period - Wrist shot by Mario Ferraro.
12:37 of 1st period - Shot Misses the Net.
12:39 of 1st period - Slapshot by Mario Ferraro.
12:39 of 1st period - Shot Blocked by Jonas Brodin.
12:41 of 1st period - Backhand shot by Tomas Hertl.
12:41 of 1st period - Stopped by Charlie Lindgren without a rebound.
12:42 of 1st period - Wyatt Johnston wins face-off versus Brock Nelson in Minnesota North Stars zone.
12:59 of 1st period - Snap shot by Alexander Kerfoot.
12:59 of 1st period - Stopped by Cam Talbot without a rebound.
13:00 of 1st period - Sam Bennett wins face-off versus Evgeni Malkin in Toronto Maple Leafs zone.
13:00 of 1st period - Sam Bennett is hit by Rasmus Dahlin.
13:05 of 1st period - Icing by Nino Niederreiter.
13:06 of 1st period - Evgeni Malkin wins face-off versus Nino Niederreiter in Toronto Maple Leafs zone.
13:21 of 1st period - Snap shot by Jack Hughes.
13:21 of 1st period - Stopped by Cam Talbot without a rebound.
13:22 of 1st period - Brock Nelson wins face-off versus Wyatt Johnston in Toronto Maple Leafs zone.
13:23 of 1st period - Snap shot by Ryan Nugent-Hopkins.
13:23 of 1st period - Shot Blocked by Nick Bjugstad.
14:12 of 1st period - Wrist shot by Nicolas Roy.
14:12 of 1st period - Stopped by Charlie Lindgren with a rebound.
14:14 of 1st period - Slapshot by Sean Walker.
14:14 of 1st period - Stopped by Charlie Lindgren without a rebound.
14:15 of 1st period - Brock Nelson wins face-off versus Nino Niederreiter in Minnesota North Stars zone.
14:32 of 1st period - Snap shot by Sam Bennett.
14:32 of 1st period - Stopped by Charlie Lindgren with a rebound.
14:52 of 1st period - Wrist shot by Nicolas Roy.
14:52 of 1st period - Stopped by Charlie Lindgren with a rebound.
15:11 of 1st period - Wrist shot by Ryan Nugent-Hopkins.
15:11 of 1st period - Deflect By Nicolas Roy.
15:11 of 1st period - Shot Blocked by Ryan Pulock.
15:11 of 1st period - Puck is out of play.
15:12 of 1st period - Wyatt Johnston wins face-off versus Evgeni Malkin in Toronto Maple Leafs zone.
15:25 of 1st period - Snap shot by Jack Hughes.
15:25 of 1st period - Stopped by Cam Talbot without a rebound.
15:26 of 1st period - Tomas Hertl wins face-off versus William Karlsson in Toronto Maple Leafs zone.
16:16 of 1st period - Snap shot by Ivan Barbashev.
16:16 of 1st period - Stopped by Cam Talbot without a rebound.
16:17 of 1st period - Wyatt Johnston wins face-off versus Evan Rodrigues in Toronto Maple Leafs zone.
17:03 of 1st period - Snap shot by Scott Laughton.
17:03 of 1st period - Shot Blocked by Neal Pionk.
17:06 of 1st period - Icing by William Karlsson.
17:07 of 1st period - William Karlsson wins face-off versus Scott Laughton in Minnesota North Stars zone.
17:10 of 1st period - Snap shot by Andrew Mangiapane.
17:10 of 1st period - Deflect By Scott Laughton.
17:10 of 1st period - Stopped by Charlie Lindgren without a rebound.
17:11 of 1st period - Brock Nelson wins face-off versus Quinton Byfield in Minnesota North Stars zone.
17:20 of 1st period - Wrist shot by Brock Nelson.
17:20 of 1st period - Shot Blocked by Wyatt Johnston.
17:22 of 1st period - Slapshot by Erik Cernak.
17:22 of 1st period - Deflect By Alexander Kerfoot.
17:22 of 1st period - Shot Misses the Net.
17:22 of 1st period - Puck is out of play.
17:23 of 1st period - Evgeni Malkin wins face-off versus Wyatt Johnston in Toronto Maple Leafs zone.
17:49 of 1st period - Snap shot by Brady Tkachuk.
17:49 of 1st period - Stopped by Charlie Lindgren with a rebound.
19:01 of 1st period - Neal Pionk is hit by Brandon Saad and loses puck.
19:31 of 1st period - Snap shot by Brock Nelson.
19:31 of 1st period - Shot Blocked by Brady Tkachuk.
19:33 of 1st period - Wrist shot by Alexander Kerfoot.
19:33 of 1st period - Shot Misses the Net.
19:45 of 1st period - Cody Ceci is hit by William Karlsson and loses puck.
Goals for this period are 0 for Toronto Maple Leafs vs 1 for Minnesota North Stars.
Shots for this period are 13 for Toronto Maple Leafs vs 21 for Minnesota North Stars.
2nd period
0:01 of 2nd period - Evgeni Malkin wins face-off versus Wyatt Johnston in neutral zone.
0:26 of 2nd period - Gustav Forsling is hit by Brady Tkachuk and loses puck.
0:49 of 2nd period - Ryan Pulock is hit by Neal Pionk and loses puck.
1:38 of 2nd period - Nick Bjugstad is hit by Jonathan Marchessault and loses puck.
1:51 of 2nd period - Slapshot by Ryan Nugent-Hopkins.
1:51 of 2nd period - Shot Misses the Net.
2:37 of 2nd period - Wrist shot by Nino Niederreiter.
2:37 of 2nd period - Shot Misses the Net.
2:51 of 2nd period - Minor Penalty to Sam Bennett for Tripping.
2:52 of 2nd period - Evgeni Malkin wins face-off versus Nick Bjugstad in Toronto Maple Leafs zone.
3:32 of 2nd period - Snap shot by Ryan Nugent-Hopkins.
3:32 of 2nd period - Stopped by Cam Talbot with a rebound.
4:28 of 2nd period - Nicolas Roy is hit by Neal Pionk and loses puck.
4:51 of 2nd period - Penalty to Sam Bennett is over, Sam Bennett is back on ice.
6:39 of 2nd period - Scott Laughton is hit by Jonathan Marchessault and loses puck.
7:43 of 2nd period - Jack Hughes is hit by Nicolas Roy and loses puck.
8:02 of 2nd period - Dylan DeMelo is hit by Aaron Ekblad.
8:36 of 2nd period - Snap shot by Valeri Nichushkin.
8:36 of 2nd period - Shot Misses the Net.
8:38 of 2nd period - Snap shot by William Karlsson.
8:38 of 2nd period - Deflect By Frank Vatrano.
8:38 of 2nd period - Stopped by Cam Talbot without a rebound.
8:39 of 2nd period - Tomas Hertl wins face-off versus William Karlsson in Toronto Maple Leafs zone.
8:39 of 2nd period - Tomas Hertl is hit by Frank Vatrano.
9:07 of 2nd period - Wrist shot by William Karlsson.
9:07 of 2nd period - Shot Misses the Net.
9:57 of 2nd period - Slapshot by William Karlsson.
9:57 of 2nd period - Stopped by Cam Talbot without a rebound.
9:58 of 2nd period - Tomas Hertl wins face-off versus Evgeni Malkin in Toronto Maple Leafs zone.
10:07 of 2nd period - Wrist shot by Tomas Hertl.
10:07 of 2nd period - Shot Blocked by Jonas Brodin.
11:50 of 2nd period - Wrist shot by Nicolas Roy.
11:50 of 2nd period - Shot Blocked by Rasmus Dahlin.
11:54 of 2nd period - Backhand shot by Nicolas Roy.
11:54 of 2nd period - Shot Misses the Net.
11:56 of 2nd period - Wrist shot by Sam Bennett.
11:56 of 2nd period - Shot Misses the Net.
11:58 of 2nd period - Slapshot by Cody Ceci.
11:58 of 2nd period - Stopped by Charlie Lindgren without a rebound.
11:59 of 2nd period - Brock Nelson wins face-off versus Tomas Hertl in Minnesota North Stars zone.
12:27 of 2nd period - Snap shot by Nino Niederreiter.
12:27 of 2nd period - Shot Blocked by Gustav Forsling.
12:56 of 2nd period - Off-side.
12:57 of 2nd period - Wyatt Johnston wins face-off versus Evgeni Malkin in neutral zone.
13:31 of 2nd period - Wrist shot by Brock Nelson.
13:31 of 2nd period - Stopped by Cam Talbot with a rebound.
13:33 of 2nd period - Snap shot by Dylan DeMelo.
13:33 of 2nd period - Stopped by Cam Talbot with a rebound.
13:42 of 2nd period - Off-side.
13:43 of 2nd period - William Karlsson wins face-off versus Sam Bennett in neutral zone.
13:50 of 2nd period - Valeri Nichushkin is hit by Mario Ferraro and loses puck.
14:52 of 2nd period - Scott Laughton is hit by Ivan Barbashev.
15:04 of 2nd period - Mario Ferraro is hit by Erik Cernak.
15:08 of 2nd period - Scott Laughton is hit by Gustav Forsling.
15:30 of 2nd period - Slapshot by Ivan Barbashev.
15:30 of 2nd period - Shot Blocked by Cody Ceci.
15:32 of 2nd period - Slapshot by Erik Cernak.
15:32 of 2nd period - Shot Misses the Net.
15:34 of 2nd period - Wrist shot by Lawson Crouse.
15:34 of 2nd period - Stopped by Cam Talbot without a rebound.
15:35 of 2nd period - Evgeni Malkin wins face-off versus Wyatt Johnston in Toronto Maple Leafs zone.
15:38 of 2nd period - Snap shot by Jack Hughes.
15:38 of 2nd period - Goal by Jack Hughes - Toronto Maple Leafs : 0 - Minnesota North Stars : 2.
15:39 of 2nd period - Wyatt Johnston wins face-off versus Evgeni Malkin in neutral zone.
15:44 of 2nd period - Snap shot by Quinton Byfield.
15:44 of 2nd period - Shot Misses the Net.
15:52 of 2nd period - Wrist shot by Jack Hughes.
15:52 of 2nd period - Shot Misses the Net.
15:56 of 2nd period - Wrist shot by Jonathan Marchessault.
15:56 of 2nd period - Stopped by Cam Talbot with a rebound.
16:06 of 2nd period - Wyatt Johnston is hit by Valeri Nichushkin.
16:10 of 2nd period - Ryan Pulock is hit by Frank Vatrano and loses puck.
16:15 of 2nd period - Slapshot by Valeri Nichushkin.
16:15 of 2nd period - Shot Misses the Net.
16:17 of 2nd period - Slapshot by Rasmus Dahlin.
16:17 of 2nd period - Stopped by Cam Talbot with a rebound.
16:19 of 2nd period - Slapshot by Neal Pionk.
16:19 of 2nd period - Shot Blocked by Nick Bjugstad.
17:37 of 2nd period - Frank Vatrano is hit by Sean Walker.
17:50 of 2nd period - Icing by Dylan DeMelo.
17:51 of 2nd period - Nino Niederreiter wins face-off versus William Karlsson in Minnesota North Stars zone.
17:52 of 2nd period - Snap shot by Sam Bennett.
17:52 of 2nd period - Shot Blocked by Dylan DeMelo.
18:09 of 2nd period - Icing by Mario Ferraro.
18:10 of 2nd period - Wyatt Johnston wins face-off versus Brock Nelson in Toronto Maple Leafs zone.
18:19 of 2nd period - Snap shot by Wyatt Johnston.
18:19 of 2nd period - Stopped by Charlie Lindgren without a rebound.
18:20 of 2nd period - Brock Nelson wins face-off versus Tomas Hertl in Minnesota North Stars zone.
18:32 of 2nd period - Snap shot by Brock Nelson.
18:32 of 2nd period - Shot Blocked by Brady Tkachuk.
18:34 of 2nd period - Minor Penalty to Brady Tkachuk for Roughing.
18:35 of 2nd period - Evgeni Malkin wins face-off versus Nick Bjugstad in Toronto Maple Leafs zone.
19:30 of 2nd period - Scott Laughton is hit by Neal Pionk.
Goals for this period are 0 for Toronto Maple Leafs vs 1 for Minnesota North Stars.
Shots for this period are 2 for Toronto Maple Leafs vs 9 for Minnesota North Stars.
3rd period
0:01 of 3rd period - Evgeni Malkin wins face-off versus Nick Bjugstad in neutral zone.
0:32 of 3rd period - Wrist shot by Valeri Nichushkin.
0:32 of 3rd period - Shot Misses the Net.
0:34 of 3rd period - Penalty to Brady Tkachuk is over, Brady Tkachuk is back on ice.
0:34 of 3rd period - Wrist shot by Valeri Nichushkin.
0:34 of 3rd period - Shot Misses the Net.
0:52 of 3rd period - Wrist shot by Evgeni Malkin.
0:52 of 3rd period - Shot Misses the Net.
0:58 of 3rd period - Jonas Brodin is hit by Tomas Hertl and loses puck.
1:19 of 3rd period - Snap shot by Brady Tkachuk.
1:19 of 3rd period - Stopped by Charlie Lindgren with a rebound.
1:31 of 3rd period - Snap shot by Brady Tkachuk.
1:31 of 3rd period - Shot Blocked by Dylan DeMelo.
1:33 of 3rd period - Slapshot by Cody Ceci.
1:33 of 3rd period - Stopped by Charlie Lindgren with a rebound.
4:13 of 3rd period - Icing by Cody Ceci.
4:14 of 3rd period - Brock Nelson wins face-off versus Brady Tkachuk in Toronto Maple Leafs zone.
4:23 of 3rd period - Snap shot by Brock Nelson.
4:23 of 3rd period - Goal by Brock Nelson - Toronto Maple Leafs : 0 - Minnesota North Stars : 3.
4:24 of 3rd period - Scott Laughton wins face-off versus Brock Nelson in neutral zone.
4:29 of 3rd period - Snap shot by Scott Laughton.
4:29 of 3rd period - Shot Misses the Net.
5:04 of 3rd period - Gustav Forsling is hit by Scott Laughton and loses puck.
5:17 of 3rd period - Wyatt Johnston is hit by Gustav Forsling and loses puck.
7:53 of 3rd period - Andrew Mangiapane is hit by Dylan DeMelo and loses puck.
8:04 of 3rd period - Ivan Barbashev is hit by Andrew Mangiapane and loses puck.
10:15 of 3rd period - Wyatt Johnston is hit by Jonathan Marchessault.
10:51 of 3rd period - Nino Niederreiter is hit by Alexander Kerfoot and loses puck.
16:44 of 3rd period - Minor Penalty to Erik Cernak for Holding Stick.
16:45 of 3rd period - Wyatt Johnston wins face-off versus William Karlsson in Minnesota North Stars zone.
18:10 of 3rd period - Snap shot by Ryan Nugent-Hopkins.
18:10 of 3rd period - Stopped by Cam Talbot without a rebound.
18:11 of 3rd period - William Karlsson wins face-off versus Sam Bennett in Toronto Maple Leafs zone.
18:44 of 3rd period - Penalty to Erik Cernak is over, Erik Cernak is back on ice.
18:48 of 3rd period - Snap shot by Andrew Mangiapane.
18:48 of 3rd period - Shot Blocked by Lawson Crouse.
18:50 of 3rd period - Slapshot by Ryan Pulock.
18:50 of 3rd period - Shot Blocked by Dylan DeMelo.
18:52 of 3rd period - Snap shot by Andrew Mangiapane.
18:52 of 3rd period - Shot Misses the Net.
18:58 of 3rd period - Slapshot by Brandon Saad.
18:58 of 3rd period - Stopped by Charlie Lindgren with a rebound.
19:20 of 3rd period - Snap shot by Jack Hughes.
19:20 of 3rd period - Shot Misses the Net.
19:22 of 3rd period - Wrist shot by Gustav Forsling.
19:22 of 3rd period - Shot Misses the Net.
19:38 of 3rd period - Wrist shot by Wyatt Johnston.
19:38 of 3rd period - Shot Misses the Net.
19:40 of 3rd period - Slapshot by Cody Ceci.
19:40 of 3rd period - Deflect By Quinton Byfield.
19:40 of 3rd period - Stopped by Charlie Lindgren without a rebound.
19:41 of 3rd period - Evgeni Malkin wins face-off versus Tomas Hertl in Minnesota North Stars zone.
Goals for this period are 0 for Toronto Maple Leafs vs 1 for Minnesota North Stars.
Shots for this period are 4 for Toronto Maple Leafs vs 2 for Minnesota North Stars.
Back to the Top